 Dungeon Crawl Stone Soup version 0.26.1-10-gdfb7c7de75 (webtiles) character file.

Game seed: 4452835004220855164

268645 promet the Peltast (level 21, 0/151 HPs)
             Began as a Halfling Fighter on Mar 25, 2021.
             Was a Believer of Uskayaw.
             Killed from afar by an ice dragon (16 damage)
             ... with a blast of cold
             ... on level 1 of the Depths on Apr 1, 2021.
             The game lasted 10:11:15 (71373 turns).

promet the Peltast (Halfling Fighter)              Turns: 71373, Time: 10:11:16

Health: 0/151      AC: 40    Str: 20    XL:     21   Next: 0%
Magic:  25/25      EV: 12    Int:  8    God:    Uskayaw [**....]
Gold:   820        SH: 17    Dex: 21    Spells: 17/20 levels left

rFire    + . .     SeeInvis .   C - +8 spear of Departure {venom, rPois rN+}
rCold    + . .     Faith    .   A - +1 buckler {AC+3}
rNeg     + . .     Spirit   .   N - +4 plate armour {rF+}
rPois    +         Reflect  +   D - +2 hat
rElec    .         Harm     .   (no cloak)
rCorr    .         Rampage  +   p - +2 pair of gloves
Will     +....                  j - +2 pair of boots {rampage}
Stlth    +.........             R - amulet of reflection
HPRegen  0.35/turn              q - ring of protection from cold
MPRegen  0.19/turn              X - ring of the Tortoise {AC+8}

@: about to teleport, studying Polearms
A: small, mutation resistance 1, strong 1
}: 2/15 runes: serpentine, barnacled
a: Renounce Religion, Stomp, Line Pass


You were on level 1 of the Depths.
You worshipped Uskayaw.
Uskayaw was noncommittal.
You visited 6 branches of the dungeon, and saw 32 of its levels.

You collected 3263 gold pieces.
You spent 2443 gold pieces at shops.

Inventory:

Hand Weapons
 a - the +11 dagger "Wor Lyzia" {vorpal, rC- Str+9 Int+4}
   (You found it on level 2 of the Lair of Beasts)

   It inflicts extra damage upon your enemies.
   It affects your strength (+9).
   It affects your intelligence (+4).
   It makes you vulnerable to cold.
 b - the +8 hunting sling of the Desert {flame, rN+}
   (You took it off an orc warrior on level 7 of the Dungeon)

   It causes projectiles fired from it to burn those they strike, causing extra
   injury to most foes and up to half again as much damage against particularly
   susceptible opponents.
   It protects you from negative energy.
 k - the +8 trident of the Octopus King {venom, rElec rPois Will+}
   (You found it on level 3 of the Snake Pit)

   It poisons the flesh of those it strikes.
   It insulates you from electricity.
   It protects you from poison.
   It affects your willpower, your defense against some magical effects.
 s - the +8 long sword "Relekk Nosu" {vorpal, Will+}
   (You found it on level 4 of the Lair of Beasts)

   It inflicts extra damage upon your enemies.
   It affects your willpower, your defense against some magical effects.
 C - the +8 spear of Departure (weapon) {venom, rPois rN+}
   (You found it on level 6 of the Dungeon)

   It poisons the flesh of those it strikes.
   It protects you from poison.
   It protects you from negative energy.
 G - a +8 vampiric spear
 Z - a +4 trident of protection
Missiles
 f - 922 stones
 h - 246 sling bullets
 x - 110 boomerangs (quivered)
 y - 12 throwing nets
 B - 144 poisoned darts
 S - 3 curare-tipped darts
Armour
 j - a +2 pair of boots of rampaging (worn)
 p - a +2 pair of gloves (worn)
 A - a +1 buckler of protection (worn)
 D - a +2 hat (worn)
 N - a +4 plate armour of fire resistance (worn)
 U - a +5 kite shield
Jewellery
 e - a +4 ring of evasion
 q - a ring of protection from cold (left hand)
 u - an uncursed ring of poison resistance
 w - an uncursed ring of willpower
 F - a +6 ring of strength
 H - an uncursed ring of protection from fire
 K - an uncursed ring of ice
 R - an amulet of reflection (around neck)
 X - the ring of the Tortoise (right hand) {AC+8}
   (You found it on level 1 of the Depths)

   [ring of protection]

   It affects your AC (+8).
Wands
 o - a wand of iceblast (1)
 E - a wand of disintegration (28)
 L - a wand of polymorph (32)
 P - a wand of acid (13)
Scrolls
 d - a scroll of summoning
 g - 19 scrolls of identify
 n - 6 scrolls of remove curse
 v - 3 scrolls of fear
 I - 5 scrolls of teleportation
 M - 6 scrolls of blinking
 T - a scroll of fog
Potions
 i - 6 potions of curing
 l - 2 potions of attraction
 m - a potion of might
 r - 2 potions of cancellation
 t - 2 potions of magic
 z - a potion of invisibility
 J - 3 potions of haste
 O - 2 potions of flight
 Q - 3 potions of ambrosia
Books
 c - a manual of Polearms
Miscellaneous
 V - a condenser vane
 W - a box of beasts (inert)
 Y - a phantom mirror


   Skills:
 + Level 15.0 Fighting
 + Level 11.4(11.6) Short Blades
 + Level 3.3(7.0) Long Blades
 + Level 1.0 Maces & Flails
 + Level 13.3 Polearms
 + Level 12.1(13.8) Slings
 + Level 8.1(9.9) Throwing
 + Level 14.2 Armour
 + Level 4.5 Dodging
 + Level 11.9 Stealth
 + Level 19.6 Shields
 + Level 0.1 Unarmed Combat
 * Level 5.5 Invocations
 + Level 2.6 Evocations


You had 17 spell levels left.
You knew the following spells:

 Your Spells              Type           Power        Failure   Level
a - Sandblast             Erth           0%           99%         1
b - Foxfire               Conj/Fire      0%           99%         1
c - Magic Dart            Conj           0%           99%         1

Your spell library contained the following spells:

 Spells                   Type           Power        Failure   Level
 Animate Skeleton         Necr           0%           99%         1
 Apportation              Tloc           0%           99%         1
 Beastly Appendage        Tmut           0%           99%         1
 Corona                   Hex            0%           99%         1
 Summon Small Mammal      Summ           0%           99%         1
 Passwall                 Tmut/Erth      0%           100%        2
 Searing Ray              Conj           0%           100%        2
 Wereblood                Tmut           0%           100%        2
 Conjure Flame            Conj/Fire      0%           100%        3
 Dazzling Flash           Conj/Hex       0%           100%        3
 Inner Flame              Hex/Fire       0%           100%        3
 Mephitic Cloud           Conj/Pois/Air  0%           100%        3
 Spider Form              Tmut/Pois      0%           100%        3
 Stone Arrow              Conj/Erth      0%           100%        3
 Fulminant Prism          Conj/Hex       0%           100%        4
 Ice Form                 Ice/Tmut       0%           100%        4
 Iskenderun's Mystic Bla  Conj/Tloc      0%           100%        4
 Petrify                  Tmut/Erth      0%           100%        4
 Sticky Flame             Conj/Fire      0%           100%        4
 Blade Hands              Tmut           0%           100%        5
 Borgnjor's Vile Clutch   Necr/Erth      0%           100%        5
 Fireball                 Conj/Fire      0%           100%        5
 Lee's Rapid Deconstruct  Erth           0%           100%        5
 Silence                  Hex/Air        0%           100%        5
 Eringya's Noxious Bog    Tmut/Pois      0%           100%        6
 Freezing Cloud           Conj/Ice/Air   0%           100%        6
 Iron Shot                Conj/Erth      0%           100%        6


Dungeon Overview and Level Annotations

Branches:
Dungeon (15/15)            Temple (0/1) D:7            Lair (6/6) D:10
 Shoals (4/4) Lair:3        Snake (4/4) Lair:4        Slime (0/5) Lair:5
    Orc (2/2) D:12            Elf (0/3) Orc:2        Vaults (0/5) D:14
 Depths (1/5) D:15

Altars:
Cheibriados
Dithmenos
Fedhas
Gozag
Hepliaklqana
Kikubaaqudgha
Makhleb
Sif Muna
Trog
Uskayaw
Vehumet
Xom
Yredelemnul
The Shining One
Beogh

Shops:
D:6 ?   D:11 [   Orc:1 =   Orc:2 ?!(}   Snake:1 :*!!:   Snake:2 }=}

Portals:
Pandemonium: Orc:2

Annotations:
D:2 Sigmund
D:6 1 runed translucent door
D:9 exclusion: obsidian statue
Lair:1 1 runed translucent door, Dunwar's ghost, journeyman GnCK
Lair:4 3 runed translucent doors, Laummuim's ghost, journeyman FeFi
Shoals:3 Roxanne
Shoals:4 Mara; Polyphemus
Depths:1 1 runed translucent door, WeeknightWizard's ghost, veteran DEFE


Innate Abilities, Weirdness & Mutations

You are small and have problems with some larger weapons.
You are somewhat resistant to further mutation.
Your muscles are strong. (Str +2)


Message History

The ice dragon claws you but does no damage.
You block the ice dragon's attack.
You hit the ice dragon.
The ice dragon is poisoned.
The ice dragon is severely wounded.
The ice dragon bites you.
* * * LOW HITPOINT WARNING * * *
The ice dragon claws you!
* * * LOW HITPOINT WARNING * * *
The ice dragon tramples you but does no damage.
You barely miss the ice dragon.
The ice dragon is severely wounded.
The ice dragon breathes frost at you.
The blast of cold hits the ice dragon!
The ice dragon resists.
The blast of cold hits you!! You resist.
* * * LOW HITPOINT WARNING * * *
You puncture the ice dragon!
The ice dragon is almost dead.
The ice dragon breathes frost at you. The blast of cold hits you! You resist.
You die...

##.## ##.## #######
##.##########
......#####.#.......#
.........)..........#
....................#
...[....##..#.......#
.......####.'.......#
......## ###...@...#
..#..## #...D...#
†#..## ####D####
.....## #R..#
......## ###.#
.#.....## #'#
..#.....## ...
.'.......## .....
.....#....## .$.....


You could see 2 ice dragons and a rakshasa.

Vanquished Creatures
  Vashnia (Snake:3)
  A kraken (Shoals:2)
  A sphinx (Depths:1)
  Frances (Shoals:1)
  A tengu reaver (Depths:1)
  9 nagarajas
  A frost giant (Depths:1)
  Aizul (Snake:1)
  An emperor scorpion (D:15)
  3 stone giants
  6 very ugly things
  Nessos (D:13)
  3 dire elephants
  2 spark wasps (Depths:1)
  Snorg (Orc:2)
  11 merfolk impalers
  2 merfolk javelineers (Shoals:4)
  An ettin (Orc:2)
  Josephine (Orc:2)
  8 vault guards (D:14)
  21 naga warriors
  A caustic shrike simulacrum (Depths:1)
  An ice dragon (Depths:1)
  Harold (Lair:2)
  5 boulder beetles
  3 catoblepae
  8 merfolk aquamancers
  Erica (Lair:2)
  6 anacondas
  11 two-headed ogres
  5 centaur warriors
  A merfolk avatar (Shoals:1)
  10 hydras
  An alligator snapping turtle (Shoals:2)
  3 satyrs
  3 deep troll earth magi (Depths:1)
  2 ogre magi (Depths:1)
  4 death yaks (Lair:5)
  14 naga sharpshooters
  A deep troll shaman (Depths:1)
  4 orc high priests (Orc:2)
  5 shock serpents
  A tengu warrior (D:15)
  Sonja (Lair:6)
  Nergalle (Lair:1)
  3 salamander mystics
  A flayed ghost (Depths:1)
  11 sea snakes
  An unseen horror (D:12)
  An infernal demonspawn (Orc:2)
  6 naga ritualists
  3 wizards
  3 lindwurms (Lair:6)
  8 deep trolls
  7 harpies
  5 orc knights
  7 mana vipers
  A necromancer (Depths:1)
  8 orc sorcerers
  12 fauns
  An orb spider (shapeshifter) (Depths:1)
  4 ugly things
  4 deep elf magi
  13 manticores
  12 salamanders
  5 cyclopes
  A salamander (shapeshifter) (Depths:1)
  A sphinx skeleton (Depths:1)
  5 elephants (Lair:6)
  30 black mambas
  13 water nymphs
  2 guardian serpents (Snake:4)
  10 merfolk sirens
  A rust devil (Orc:2)
  26 naga magi
  6 gargoyles
  2 kobold demonologists
  13 cane toads
  7 rime drakes
  A yaktaur (Depths:1)
  Maggie (Lair:2)
  2 ice devils (Orc:2)
  An efreet (D:15)
  9 komodo dragons
  A spriggan skeleton (Depths:1)
  53 merfolk
  A queen bee (D:14)
  A meliai (shapeshifter) (Depths:1)
  3 meliai (D:14)
  7 polar bears
  10 trolls
  8 wind drakes
  A slime creature (D:5)
  A harpy skeleton (D:14)
  14 blink frogs
  3 hornets
  Grinder (D:5)
  5 dream sheep
  6 snapping turtles
  9 wyverns
  A vampire (D:12)
  16 water elementals
  A human (shapeshifter) (D:13)
  8 wraiths
  2 shadows
  Eustachio (D:4)
  83 yaks
  A ynoxinul (Orc:2)
  8 basilisks
  3 steam dragons
  3 wargs
  An acid dragon (D:14)
  61 nagas
  A soldier ant (D:11)
  28 water moccasins
  A human skeleton (Depths:1)
  A hornet zombie (D:14)
  35 orc warriors
  A swamp drake (D:12)
  6 sky beasts
  An ice beast (D:11)
  5 phantoms
  6 black bears
  3 eyes of draining
  A necrophage (D:11)
  12 ogres
  12 wolves
  23 centaurs
  3 big kobolds
  21 bullfrogs
  5 gnoll sergeants
  7 scorpions
  28 killer bees
  18 wights
  2 vampire bats (Lair:2)
  11 jellies
  3 electric eels
  A howler monkey (D:6)
  A bullfrog zombie (D:12)
  2 centaur zombies
  3 bullfrog skeletons
  16 orc wizards
  32 orc priests
  20 hounds
  2 gnoll shamans (D:6)
  3 centaur skeletons
  2 iguanas
  12 worker ants
  Ijyb (D:4)
  6 hell rats (Lair:4)
  A killer bee zombie (D:7)
  A hound zombie (D:9)
  A hound skeleton (D:5)
  A worker ant zombie (D:7)
  29 gnolls
  14 adders
  2 shadow imps
  3 white imps (D:9)
  2 ufetubi
  7 oozes
  A worm (D:5)
  2 dart slugs (D:4)
  6 leopard geckos
  82 orcs
  4 giant cockroaches
  9 goblins
  4 hobgoblins
  12 jackals
  3 quokkas
  3 ball pythons
  11 bats
  2 frilled lizards
  18 kobolds
  A quokka skeleton (D:4)
  7 rats
  3 tentacles (Shoals:2)
1294 creatures vanquished.

Vanquished Creatures (collateral kills)
  A rime drake (Lair:6)
  A komodo dragon (Lair:5)
  A water moccasin (Lair:6)
3 creatures vanquished.

Vanquished Creatures (others)
  A manticore (Shoals:4)
  A naga mage (Snake:4)
  An orc (Orc:2)
  99 fungi
  188 plants
  27 tentacles (Shoals:2)
  8 toadstools (D:5)
325 creatures vanquished.

Grand Total: 1622 creatures vanquished

Notes
Turn   | Place    | Note
-------+----------+-------------------------------------------
     0 | D:1      | promet the Halfling Fighter began the quest for the Orb.
     0 | D:1      | Reached XP level 1. HP: 15/15 MP: 1/1
   202 | D:1      | Reached XP level 2. HP: 14/20 MP: 2/2
   875 | D:2      | Reached XP level 3. HP: 26/26 MP: 3/3
  1321 | D:2      | Reached XP level 4. HP: 31/31 MP: 4/4
  1756 | D:3      | Reached skill level 4 in Shields
  2048 | D:3      | Reached XP level 5. HP: 36/36 MP: 5/5
  2087 | D:3      | Found a snail-covered altar of Cheibriados.
  2416 | D:3      | Noticed Sigmund
  2674 | D:4      | Noticed Ijyb
  2849 | D:4      | Killed Ijyb
  2850 | D:4      | Reached skill level 1 in Dodging
  2857 | D:4      | Reached XP level 6. HP: 43/43 MP: 6/6
  3201 | D:4      | Noticed Eustachio
  3210 | D:4      | Killed Eustachio
  3211 | D:4      | Reached skill level 5 in Short Blades
  3211 | D:4      | Reached XP level 7. HP: 49/49 MP: 7/7
  3295 | D:4      | Found a shadowy altar of Dithmenos.
  3393 | D:4      | Found a glowing golden altar of the Shining One.
  3426 | D:5      | Entered Level 5 of the Dungeon
  3674 | D:5      | Gained mutation: Your muscles are strong. (Str +2) [potion
                  | of mutation]
  3699 | D:5      | Found a blossoming altar of Fedhas.
  3709 | D:5      | Found a hazy altar of Hepliaklqana.
  3726 | D:5      | Noticed Grinder
  3751 | D:5      | Paralysed by Grinder for 2 turns
  3896 | D:5      | Killed Grinder
  3897 | D:5      | Reached skill level 5 in Shields
  3897 | D:5      | Reached XP level 8. HP: 42/54 MP: 8/8
  4185 | D:5      | Found an opulent altar of Gozag.
  4270 | D:5      | Found a hide-covered altar of Uskayaw.
  4272 | D:5      | Noticed a +0 dagger
  4272 | D:5      | Noticed a +0 hand axe
  4281 | D:5      | Became a worshipper of Uskayaw the Reveller
  4630 | D:5      | Noticed a slime creature
  4630 | D:5      | Noticed a slime creature
  4645 | D:5      | Reached * piety under Uskayaw
  4651 | D:5      | Reached ** piety under Uskayaw
  4658 | D:5      | Reached *** piety under Uskayaw
  4684 | D:5      | Killed a slime creature
  4685 | D:5      | Reached skill level 5 in Fighting
  5838 | D:6      | Found Ririurch's Magic Scroll Emporium.
  6328 | D:6      | Reached XP level 9. HP: 61/61 MP: 9/9
  6329 | D:6      | Got an iridescent spear
  6611 | D:6      | Reached skill level 1 in Throwing
  6657 | D:5      | Reached skill level 5 in Armour
  6657 | D:5      | Reached skill level 6 in Shields
  7646 | D:5      | Found an ancient bone altar of Kikubaaqudgha.
  7647 | D:5      | Found a shimmering blue altar of Sif Muna.
  7650 | D:5      | Found a radiant altar of Vehumet.
  7655 | D:5      | Identified Vehumet's Almanac of Conjuration
  9248 | D:6      | Found a runed translucent door.
  9248 | D:6      | Found a glowing golden altar of the Shining One.
  9248 | D:6      | Noticed an angel
  9557 | D:6      | Bought a scroll of fear for 45 gold pieces
 10103 | D:6      | Reached XP level 10. HP: 69/69 MP: 10/10
 10132 | D:6      | Reached skill level 1 in Evocations
 10262 | D:7      | Reached skill level 7 in Shields
 10271 | D:7      | Found a bloodstained altar of Trog.
 10400 | D:7      | Reached **** piety under Uskayaw
 10594 | D:7      | Found a staircase to the Ecumenical Temple.
 10640 | D:7      | Reached skill level 1 in Stealth
 10960 | D:7      | Identified the +8 spear of Departure {venom, rPois rN+}
                  | (You found it on level 6 of the Dungeon)
 11176 | D:7      | Identified the +8 hunting sling of the Desert {flame, rN+}
 11443 | D:7      | Reached skill level 1 in Polearms
 12368 | D:8      | Found a basalt altar of Yredelemnul.
 12448 | D:9      | Noticed an obsidian statue
 13200 | D:9      | Reached skill level 8 in Shields
 13235 | D:9      | Reached skill level 1 in Slings
 13527 | D:9      | Noticed a two-headed ogre
 13582 | D:9      | Reached XP level 11. HP: 42/75 MP: 11/11
 13868 | D:9      | Killed a two-headed ogre
 14107 | D:9      | Noticed a two-headed ogre
 14178 | D:9      | Killed a two-headed ogre
 14179 | D:9      | Reached skill level 9 in Shields
 14254 | D:9      | Found a burning altar of Makhleb.
 14629 | D:10     | Entered Level 10 of the Dungeon
 15586 | D:10     | Reached ***** piety under Uskayaw
 15698 | D:10     | Reached skill level 5 in Polearms
 15963 | D:10     | Found a staircase to the Lair.
 16116 | D:11     | Noticed a boulder beetle
 16132 | D:11     | Killed a boulder beetle
 16133 | D:11     | Reached XP level 12. HP: 65/82 MP: 9/12
 16190 | D:11     | Reached skill level 10 in Shields
 16500 | D:11     | Found Cehuacum's Armour Emporium.
 16516 | D:11     | Bought a +2 plate armour of fire resistance for 560 gold
                  | pieces
 17680 | D:11     | Reached skill level 11 in Shields
 17699 | D:11     | Identified Sif Muna's Tome of Combed Thunderclap
 17710 | D:11     | Identified Kuudepam's Handbook of Plaster Cramp
 17994 | D:11     | Identified the Volume of Sand
 18957 | D:11     | Reached XP level 13. HP: 76/90 MP: 10/13
 19203 | Lair:1   | Entered Level 1 of the Lair of Beasts
 19706 | Lair:1   | Reached skill level 5 in Stealth
 19868 | Lair:1   | Found a runed translucent door.
 19892 | Lair:1   | Found a shimmering altar of Xom.
 19892 | Lair:1   | Noticed Dunwar's ghost (journeyman GnCK)
 20179 | Lair:1   | Noticed a six-headed hydra
 20200 | Lair:1   | Killed a six-headed hydra
 20930 | Lair:1   | Identified a scroll of acquirement
 20930 | Lair:1   | Acquired a manual of Polearms
 21303 | Lair:2   | Noticed Maggie
 21319 | Lair:2   | Killed Maggie
 21322 | Lair:2   | Noticed Nergalle
 21400 | Lair:2   | Noticed Harold
 21425 | Lair:2   | Killed Harold
 21426 | Lair:2   | Reached skill level 5 in Slings
 21920 | Lair:2   | Identified the +11 dagger "Wor Lyzia" {vorpal, rC- Str+9
                  | Int+4} (You found it on level 2 of the Lair of Beasts)
 21962 | Lair:1   | Killed Nergalle
 22127 | Lair:2   | Reached skill level 12 in Shields
 22528 | Lair:2   | Reached skill level 10 in Short Blades
 22793 | Lair:2   | Noticed Erica
 22808 | Lair:2   | Killed Erica
 22809 | Lair:2   | Reached skill level 10 in Fighting
 23055 | Lair:2   | Found a shadowy altar of Dithmenos.
 23413 | Lair:3   | Reached XP level 14. HP: 99/99 MP: 14/14
 23722 | Lair:3   | Reached skill level 1 in Invocations
 23960 | Lair:3   | Found a staircase to the Shoals.
 24699 | Lair:4   | Found a runed translucent gate.
 24699 | Lair:4   | Found a runed translucent gate.
 24699 | Lair:4   | Found a runed translucent gate.
 24702 | Lair:4   | Noticed a minotaur
 24776 | Lair:4   | Noticed Laummuim's ghost (journeyman FeFi)
 25064 | Lair:4   | Reached skill level 13 in Shields
 25179 | Lair:4   | Identified the +8 long sword "Relekk Nosu" {vorpal, Will+}
                  | (You found it on level 4 of the Lair of Beasts)
 25348 | Lair:4   | Reached ****** piety under Uskayaw
 25619 | Lair:4   | Found a staircase to the Snake Pit.
 26792 | Lair:5   | Reached skill level 10 in Polearms
 26929 | Lair:5   | Reached skill level 10 in Armour
 27035 | Lair:5   | Found a staircase to the Slime Pits.
 27820 | Lair:6   | Entered Level 6 of the Lair of Beasts
 27922 | Lair:6   | Reached XP level 15. HP: 105/105 MP: 17/17
 28150 | Lair:6   | Noticed Sonja
 28157 | Lair:6   | Killed Sonja
 28320 | Lair:6   | Reached skill level 14 in Shields
 31429 | D:12     | Identified the +6 morningstar of Fate {pain, Fragile rPois
                  | rF- Int+7} (You found it on level 12 of the Dungeon)
 31899 | D:12     | Found a staircase to the Orcish Mines.
 32408 | D:12     | Found a burning altar of Makhleb.
 32423 | D:12     | Found a glowing golden altar of the Shining One.
 32679 | Orc:1    | Entered Level 1 of the Orcish Mines
 32681 | Orc:1    | Found Rirgh's Jewellery Emporium.
 33424 | Orc:1    | Found a roughly hewn altar of Beogh.
 33541 | Orc:2    | Entered Level 2 of the Orcish Mines
 33541 | Orc:2    | Found a roughly hewn altar of Beogh.
 33993 | Orc:2    | Found a flickering gateway to a bazaar.
 34333 | Orc:2    | Noticed Josephine
 34344 | Orc:2    | Killed Josephine
 34730 | Orc:2    | Found a staircase to the Elven Halls.
 34792 | Orc:2    | Found Gaechill's Magic Scroll Shoppe.
 34819 | Orc:2    | Reached XP level 16. HP: 113/113 MP: 18/18
 34880 | Orc:2    | Found Wuiwaluxol's Distillery.
 35625 | Orc:2    | Reached skill level 15 in Shields
 35786 | Orc:2    | Found Uqoigaiv's Gadget Shop.
 35786 | Orc:2    | Found Lesch's Antique Weapon Boutique.
 35787 | Orc:2    | Found a one-way gate leading to the halls of Pandemonium.
 35813 | Orc:2    | Bought a condenser vane for 640 gold pieces
 35855 | Orc:2    | Bought a scroll of acquirement for 572 gold pieces
 35855 | Orc:2    | Acquired a +1 pair of boots of rampaging
 36227 | Orc:1    | Noticed Snorg
 36260 | Orc:2    | Killed Snorg
 37105 | D:13     | Reached skill level 5 in Throwing
 37630 | D:13     | Reached skill level 1 in Long Blades
 37714 | D:13     | Noticed Nessos
 37728 | D:13     | Killed Nessos
 37866 | D:13     | You fall into a shaft and drop 2 floors!
 37866 | D:15     | Entered Level 15 of the Dungeon
 39468 | D:14     | Found a gate to the Vaults.
 39490 | D:14     | Reached skill level 1 in Maces & Flails
 40488 | D:14     | Reached XP level 17. HP: 120/120 MP: 19/19
 41613 | Orc:1    | Bought an uncursed ring of willpower for 400 gold pieces
 42243 | Shoals:1 | Entered Level 1 of the Shoals
 43101 | Shoals:1 | Learned a level 1 spell: Sandblast
 43103 | Shoals:1 | Learned a level 1 spell: Foxfire
 43105 | Shoals:1 | Learned a level 1 spell: Magic Dart
 43531 | Shoals:1 | Reached skill level 10 in Slings
 43585 | Shoals:1 | Noticed Frances
 43602 | Shoals:1 | Killed Frances
 43903 | Shoals:1 | Reached skill level 16 in Shields
 44294 | Shoals:1 | Reached skill level 10 in Stealth
 44940 | Shoals:2 | Noticed a kraken
 45621 | Shoals:2 | Killed a kraken
 46535 | Shoals:2 | Identified the +2 quarterstaff of Dividends {vorpal, Str+2
                  | Dex+5} (You found it on level 2 of the Shoals)
 48187 | Shoals:3 | Reached XP level 18. HP: 111/128 MP: 20/20
 48897 | Shoals:3 | Reached skill level 17 in Shields
 49061 | Shoals:3 | Noticed Roxanne
 49233 | Shoals:4 | Entered Level 4 of the Shoals
 51448 | Orc:2    | Bought a potion of flight for 33 gold pieces
 51448 | Orc:2    | Bought a potion of flight for 33 gold pieces
 51996 | Shoals:4 | Got a barnacled rune of Zot
 52049 | Shoals:4 | Noticed Polyphemus
 52768 | Shoals:3 | Noticed a kraken
 53203 | Shoals:4 | Identified the cursed +2 quarterstaff of Evolution {freeze,
                  | rN++ Int+5 Stlth-}
 53603 | Shoals:4 | Noticed Mara
 53614 | Shoals:4 | Noticed promet's illusion
 53778 | Shoals:3 | Upgraded the game from 0.26.1-2-gb8aa6d0cf2 to
                  | 0.26.1-10-gdfb7c7de75
 54777 | Snake:1  | Entered Level 1 of the Snake Pit
 55004 | Snake:1  | Found Tuemom's Distillery.
 55004 | Snake:1  | Found Hiankeku's General Store.
 55006 | Snake:1  | Found Miuwnip's Book Shop.
 55008 | Snake:1  | Found Ecoutz's Distillery.
 55029 | Snake:1  | Bought a potion of heal wounds for 80 gold pieces
 55029 | Snake:1  | Bought a potion of heal wounds for 80 gold pieces
 55221 | Snake:1  | Noticed Aizul
 55242 | Snake:1  | Killed Aizul
 56126 | Snake:1  | Found Owuweg's Book Emporium.
 57953 | Snake:2  | Found Kirufe Rearch's Gadget Emporium.
 57956 | Snake:2  | Found Noaw's Jewellery Boutique.
 57958 | Snake:2  | Found Ryesenea's Gadget Emporium.
 58037 | Snake:2  | Reached XP level 19. HP: 135/135 MP: 21/21
 58921 | Snake:3  | Reached skill level 18 in Shields
 59886 | Snake:3  | Identified the +2 robe "Pieq" {Str+3 Int+4}
 60622 | Snake:4  | Entered Level 4 of the Snake Pit
 65274 | Snake:3  | Reached XP level 20. HP: 78/144 MP: 18/22
 65631 | Snake:3  | Found the +8 trident of the Octopus King {venom, rElec
                  | rPois Will+}
 65770 | Snake:4  | Noticed Vashnia
 66178 | Snake:3  | Killed Vashnia
 66179 | Snake:3  | Reached skill level 19 in Shields
 67202 | Snake:4  | Got a serpentine rune of Zot
 67805 | D:15     | Found a staircase to the Depths.
 68563 | Depths:1 | Entered Level 1 of the Depths
 68702 | Depths:1 | Found a glowing golden altar of the Shining One.
 69177 | Depths:1 | Found the ring of the Tortoise {AC+8}
 70013 | Depths:1 | Found a runed translucent door.
 70015 | Depths:1 | Noticed WeeknightWizard's ghost (veteran DEFE)
 70071 | Depths:1 | Reached skill level 5 in Invocations
 70078 | Depths:1 | Reached skill level 15 in Fighting
 71163 | Depths:1 | Reached XP level 21. HP: 111/151 MP: 23/25
 71373 | Depths:1 | Killed from afar by an ice dragon

Illustrated notes

Levels and vault maps discovered:
D:1:      dpeg_arrival_solitude, layout_loops_ring, serial_glass,
          glass_columns_b, glass_columns_b, minmay_heptomino_w4
D:2:      layout_basic
D:3:      layout_rooms, nicolae_overflow_hidden_temple, uniq_sigmund
D:4:      layout_rooms, gammafunk_temple_overflow_statue, uniq_ijyb,
          uniq_eustachio
D:5:      cheibrodos_fertilizer, layout_loops_corners,
          grunt_temple_overflow_magic_moments, dancing_weapons_uskayaw,
          grunt_temple_overflow_open, grunt_gozag_statues, uniq_grinder
D:6:      hangedman_cross_stitches, layout_cave_pools, serial_gnoll_camp,
          gnoll_camp_huts_basic, gnoll_camp_mini_sergeant,
          gnoll_camp_mini_loothouse, gnoll_camp_medium_02,
          gnoll_camp_mini_doghouse, serial_shops, nicolae_shop_waterfront,
          minmay_door_square, grunt_decor_resistance, lemuel_angel_altar
D:7:      layout_loops_ring, bloody_trog, minmay_temple_entry_crystal_x
D:8:      layout_cave_pools, lemuel_doored_altar
D:9:      layout_cave_pools, makhleb_heckhound_becter, serial_ice, serial_ice_l,
          serial_ice_h, serial_ice_n, serial_ice_c, serial_ice_d, serial_ice_g,
          minivault_16, minivault_25, corexii_hall_statues_u
D:10:     layout_small_grid, due_lair_maze_entry_diamond, minivault_21
D:11:     cheibrodos_statue_roulette, layout_layer_cave, serial_shops, shop,
          portal_ice_cave_entry_pillars_2, bh_hangedman_babel_library
D:12:     layout_irregular_city, erik_orc_1, chequers_serial_rivers_micro_e,
          nzn_life_drinkers
D:13:     layout_basic, uniq_nessos
D:14:     layout_roguey [special_room_bee], erik_vaults_2, serial_bayou_ford_a
D:15:     hangedman_depths_entry_try_elsewhere_first, layout_grid_maze,
          chequers_serial_rivers_room_a, amcnicky_mini_rare_corridor_liquid
Lair:1:   layout_small_grid, ebering_ghost_xom, lemuel_fruit_tree,
          grunt_megastairs_1, serial_bayou_shore_b
Lair:2:   layout_regular_city, roderic_batcave, lemuel_centaur_altar,
          serial_bayou_shore_b, uniq_harold, uniq_maggie, uniq_erica,
          uniq_nergalle
Lair:3:   layout_gridlike, elwin_shoals_entry_rooms
Lair:4:   nzn_motion_control, layout_regular_city,
          minmay_snake_entry_six_corridors, maelrawn_ghost_gauntlet_escape,
          st_stairs_8, beast_lair_carwin_9
Lair:5:   layout_roguey, slime_dummy, chequers_serial_rivers_small_3,
          serial_bayou_lagoon_a
Lair:6:   hangedman_lair_in_review, layout_long_grid,
          infiniplex_staircase_pool_2, uniq_sonja
Shoals:1: layout_shoals, uniq_frances
Shoals:2: layout_shoals, nicolae_shoals_drake_roost
Shoals:3: layout_shoals, nicolae_shoals_water_shrine, uniq_roxanne
Shoals:4: shoals_end_hangedman, layout_shoals, ebering_ghost_reflecting_pool,
          uniq_donald, uniq_mara, uniq_polyphemus
Snake:1:  layout_layer_cave, serial_shops, nicolae_shop_behind_doors,
          minmay_shoptagon, uniq_aizul
Snake:2:  layout_onion_interference, grunt_megastairs_2, minmay_shop_grove
Snake:3:  layout_honeycomb
Snake:4:  snake_pit, layout_cave_town, st_stairs_6, grunt_ministairs_15,
          drop_trap, library_closet, uniq_vashnia
Orc:1:    nicolae_orc_accident_2, layout_caves, serial_shops, shop, uniq_snorg
Orc:2:    pf_orc_diabolical, layout_diamond_mine, serial_shops, bzr_in_the_mist,
          basic_altar, uniq_josephine
Depths:1: layout_roguey, old_standard_altar, hellmouth_1, abyss_entry,
          muffindrake_ghost_three_little_ghosts, st_stairs_1, tso_metal_star,
          uniq_asterion

Skill      XL: |  1  2  3  4  5  6  7  8  9 10 11 12 13 14 15 16 17 18 19 20 |
---------------+-------------------------------------------------------------+-----
Fighting       | 3 4 5 6 7 8 9 10 11 12 13 14 15 | 15.0
Short Blades   | 3 5 6 7 8 9 10 11 | 11.4
Shields        | 4 5 6 8 9 11 12 13 14 15 16 17 18 19 | 19.6
Dodging        | 2 3 4 |  4.5
Armour         | 4 5 6 7 8 9 10 11 12 13 14 | 14.2
Throwing       | 2 3 4 5 6 7 8 |  8.1
Evocations     | 1 2 |  2.6
Stealth        | 2 3 4 5 7 8 9 10 11 | 11.9
Polearms       | 3 5 7 8 10 11 12 13 | 13.3
Slings         | 2 4 5 6 8 9 10 11 12 | 12.1
Invocations    | 3 5 |  5.5
Long Blades    | 1 2 3 |  3.3
Maces & Flails | 1 |  1.0
Unarmed Combat | |  0.1

Action                   |  1- 3 |  4- 6 |  7- 9 | 10-12 | 13-15 | 16-18 | 19-21 || total
-------------------------+-------+-------+-------+-------+-------+-------+-------++-------
Melee: Rapier            |    78 |   187 |   591 |   164 |    27 |       |       ||  1047
       Unarmed           |       |    19 |       |       |       |       |       ||    19
       Spear             |       |       |       |   706 |   863 |   641 |   803 ||  3013
       Flail             |       |       |       |     4 |       |       |       ||     4
       Dagger            |       |       |       |       |   529 |  1290 |   659 ||  2478
       Long sword        |       |       |       |       |    31 |    58 |    48 ||   137
       Morningstar       |       |       |       |       |       |    10 |       ||    10
       Scimitar          |       |       |       |       |       |     5 |       ||     5
       Demon trident     |       |       |       |       |       |       |    13 ||    13
 Fire: Hunting sling     |       |       |       |    44 |   239 |   323 |   127 ||   733
Throw: Stone             |       |     9 |    21 |       |       |     1 |       ||    31
       Boomerang         |       |       |    45 |    36 |    51 |   141 |   124 ||   397
       Dart              |       |       |    22 |     2 |     7 |    10 |       ||    41
       Throwing net      |       |       |     4 |       |       |       |     4 ||     8
Invok: Stomp             |       |       |       |       |    18 |    12 |     8 ||    38
Evoke: Wand              |       |       |     2 |     5 |     1 |    11 |     4 ||    23
       Box of beasts     |       |       |       |       |     2 |     1 |     1 ||     4
       Tin of tremorston |       |       |       |       |     2 |       |       ||     2
       Condenser vane    |       |       |       |       |       |     2 |       ||     2
       Phantom mirror    |       |       |       |       |       |     1 |       ||     1
  Use: Scroll            |     3 |     4 |    14 |     8 |    15 |    19 |     7 ||    70
       Potion            |     1 |     4 |     7 |     3 |     2 |    14 |    10 ||    41
 Stab: Held in net/web   |       |       |     2 |       |       |       |       ||     2
       Paralysed         |       |       |       |    19 |    65 |    79 |    52 ||   215
       Petrified         |       |       |       |       |     3 |       |       ||     3
       Confused          |       |       |       |       |       |     1 |       ||     1
       Distracted        |       |       |       |       |       |       |     1 ||     1
       Invisible         |       |       |       |       |       |       |     2 ||     2
Armor: Scale mail        |    15 |    42 |    29 |       |       |       |       ||    86
       Skin              |       |    10 |       |       |       |       |       ||    10
       Plate armour      |       |       |    76 |   200 |   208 |   253 |   293 ||  1030
Dodge: Dodged            |    29 |    81 |   178 |   237 |   197 |   397 |   263 ||  1382
Block: Kite shield       |    41 |    85 |   356 |   581 |   964 |  1779 |   930 ||  4736
       Reflection        |       |       |       |       |    41 |   163 |   182 ||   386
       Other             |       |       |       |       |       |       |     4 ||     4
       Buckler           |       |       |       |       |       |       |   183 ||   183
       Rpst.: Long sword |       |       |       |       |     1 |    11 |     4 ||    16
